Map: Thunderbird LE

Players

Harstem - Winner!

  • Race: Protoss Protoss
  • Spawn Location: 11:00

Stats

  • Race: Protoss Protoss
  • Spawn Location: 5:00

Event: NationWars 2019

VOD

Have the link to the VOD?

Description

Time

  • Played on: Nov. 12, 2019, 2:14 p.m.
  • Length: 6:54
Show
View Real Time Build Order
Export as new Build Order

Harstem Protoss - Winner!

Build Orders: 1 Gate Expand, Oracle Opening 

Get SALT Encoding   

  12  0:00  Probe  
  13  0:13  Probe  
  14  0:18  Pylon  
  14  0:25  Probe  
  15  0:28  Assimilator  
  15  0:37  Probe (Chrono Boost)  
  16  0:47  Probe (Chrono Boost), Gateway  
  17  0:52  Probe (Chrono Boost)  
  18  1:04  Probe  
  19  1:16  Probe  
  20  1:23  Nexus  
  20  1:34  Cybernetics Core  
  20  1:36  Probe  
  21  1:42  Assimilator  
  21  1:48  Probe  
  21  1:50  Pylon  
  22  2:02  Probe  
  23  2:09  Stalker (Chrono Boost)  
  23  2:13  Warp Gate  
  25  2:16  Probe  
  26  2:25  Stargate  
  26  2:28  Probe  
  27  2:32  Stalker (Chrono Boost)  
  30  2:37  Probe  
  30  2:40  Probe  
  31  2:47  Shield Battery  
  31  2:49  Probe  
  32  2:52  Probe  
  33  3:04  Cybernetics Core  
  34  3:09  Oracle (Chrono Boost)  
  35  3:14  Stalker  
  37  3:24  Probe  
  37  3:25  Gateway  
  38  3:29  Shield Battery  
  38  3:32  Shield Battery  
  38  3:37  Void Ray (Chrono Boost)  
  42  3:46  Pylon  
  43  3:56  Gateway  
  43  4:01  Zealot  
  44  4:14  Void Ray (Chrono Boost)  
  48  4:24  Zealot  
  48  4:25  Probe  
  48  4:26  Pylon, Probe  
  52  4:32  Pylon  
  52  4:37  Probe, Shield Battery  
  53  4:39  Probe  
  54  4:46  Sentry  
  54  4:52  Void Ray (Chrono Boost)  
  57  4:56  Pylon  
  60  5:00  Probe  
  60  5:01  Probe  
  61  5:11  Zealot  
  61  5:14  Probe  
  64  5:16  Probe  
  65  5:24  Pylon  
  65  5:25  Robotics Facility  
  65  5:26  Probe  
  65  5:28  Zealot  
  68  5:38  Shield Battery  
  68  5:42  Void Ray, Zealot  
  70  6:02  Probe  
  70  6:04  Zealot x3  
  61  6:29  Zealot x3  
Show
View Real Time Build Order
Export as new Build Order

Stats Protoss 

Build Orders:  

Get SALT Encoding   

  12  0:00  Probe  
  13  0:13  Probe  
  14  0:17  Pylon  
  14  0:25  Probe (Chrono Boost)  
  15  0:36  Gateway  
  15  0:37  Probe (Chrono Boost)  
  16  0:45  Probe (Chrono Boost)  
  16  0:46  Assimilator  
  17  0:51  Probe  
  17  0:54  Assimilator  
  18  1:03  Probe (Chrono Boost)  
  19  1:07  Gateway  
  19  1:14  Probe (Chrono Boost)  
  20  1:19  Probe (Chrono Boost)  
  20  1:23  Cybernetics Core  
  21  1:29  Probe  
  22  1:34  Pylon  
  22  1:41  Probe  
  23  1:54  Probe  
  24  2:01  Adept  
  24  2:02  Adept, Warp Gate  
  28  2:09  Robotics Facility  
  28  2:14  Pylon  
  28  2:31  Stalker x2  
  32  2:48  Gateway  
  32  2:54  Warp Prism (Chrono Boost)  
  34  3:11  Pylon  
  32  3:27  Immortal  
  32  3:29  Robotics Bay  
  32  3:33  Pylon  
  35  3:56  Adept, Sentry  
  35  3:57  Adept  
  41  4:17  Stalker  
  41  4:18  Stalker  
  41  4:22  Stalker  
  41  4:32  Shield Battery  
  41  4:42  Adept x2  
  45  4:46  Adept  
  45  4:50  Pylon  
  47  5:10  Stalker  
  47  5:11  Stalker  
  47  5:13  Adept  
  53  5:19  Pylon  
  53  5:38  Zealot x3  
  47  6:04  Zealot x2  
  47  6:05  Stalker  
  47  6:25  Zealot x2  
  43  6:29  Zealot  
Tags
 
Add a new tag
Caveats
  • Supply blocks, unpowered buildings, or Contaminate may cause inaccurate times.
  • Supply counts are checked every 10 seconds.